 Seeded DCSS version 0.31-a0-149-g3fdcc5976a (webtiles) character file.

Game seed: 13756538122855080540 (custom seed)

2480 Pimp the Nimble (level 9, -1/51 HPs)
             Began as a Deep Elf Conjurer on June 6, 2023.
             Was a Follower of Cheibriados.
             Slain by Joseph
             ... wielding a +0 quarterstaff
              (11 damage)
             ... on level 7 of the Dungeon on June 7, 2023.
             The game lasted 00:16:07 (6233 turns).

Pimp the Nimble (Deep Elf Conjurer)                 Turns: 6233, Time: 00:16:08

Health: -1/51      AC:  7    Str: 11    XL:     9   Next: 27%
Magic:  16/22      EV: 17    Int: 27    God:    Cheibriados [*.....]
Gold:   336        SH:  0    Dex: 22    Spells: 13/22 levels left

rFire   . . .        m - staff of conjuration "Geyneude" {+Blink Dex+6 Stlth-}
rCold   . . .        f - +3 warlock's mirror {omnireflect}
rNeg    . . .        s - +1 troll leather armour {Pargi}
rPois   .            o - +0 helmet
rElec   .            i - +0 cloak
rCorr   .            (no gloves)
SInv    .            (no boots)
Will    .....        b - amulet of magic regeneration Stlth
                     (no ring)
HPRegen 1.08/turn    (no ring)
MPRegen 0.58/turn

%: reflection
@: confused, very slow
A: no striking features
a: Renounce Religion, Evoke Blink, Bend Time


You were on level 7 of the Dungeon.
You worshipped Cheibriados.
Cheibriados was aware of your devotion.
You visited 2 branches of the dungeon, and saw 8 of its levels.
You also visited: Sewer.

You collected 336 gold pieces.

Inventory:

Hand Weapons
 c - a +0 spear
 h - a +2 dagger of protection
Armour
 a - a +0 robe
 f - the +3 warlock's mirror (worn) {omnireflect}
   (You acquired it on level 1 of the Dungeon)

   Omnireflect: It can block and reflect piercing ranged attacks and magical
   attacks against the wielder's willpower.
 g - an orb of guile
 i - a +0 cloak (worn)
 k - a +0 leather armour of fire resistance
 o - a +0 helmet (worn)
 s - a +1 troll leather armour (worn) {Pargi}
 y - +0 fire dragon scales
Magical Staves
 m - the staff of conjuration "Geyneude" (weapon) {+Blink Dex+6 Stlth-}
   (You acquired it on level 3 of the Dungeon)

   [staff of conjuration]

   Base accuracy: +5 Base damage: 5 Base attack delay: 1.2 This weapon's minimum
   attack delay (0.6) is reached at skill level 12.
   Dex:       It affects your dexterity (+6).
   +Blink:    It lets you blink.
   Stlth:     It makes you less stealthy.
   It falls into the 'Staves' category.
   It is a one-handed weapon.
Jewellery
 b - an amulet of magic regeneration (around neck)
 B - an amulet of regeneration
 C - an amulet of faith
 E - a ring of fire
Wands
 q - a wand of flame (11)
 v - a wand of light (8)
Scrolls
 d - a scroll of magic mapping {unknown}
 l - a scroll of enchant armour
 p - a scroll of summoning {unknown}
 r - 4 scrolls of identify
 u - a scroll of teleportation
 z - 2 scrolls of enchant weapon {unknown}
 D - a scroll of fog {unknown}
Potions
 e - 4 potions of enlightenment
 j - 3 potions of haste
 n - a potion of mutation {unknown}
 t - 4 potions of magic
 w - 2 potions of resistance {unknown}
 x - a potion of cancellation {unknown}
 A - a potion of heal wounds {unknown}


   Skills:
 + Level 3.3 Fighting
 * Level 8.4 Dodging
 + Level 7.3 Stealth
 + Level 7.4 Spellcasting
 + Level 7.2 Conjurations
 + Level 3.4 Earth Magic


You had 13 spell levels left.
You knew the following spells:

 Your Spells              Type           Power      Damage    Failure   Level
a - Magic Dart            Conj           100%       1d8       1%          1
b - Searing Ray           Conj           100%       2d8       1%          2
c - Dazzling Flash        Conj/Hex       88%        N/A       8%          3
d - Stone Arrow           Conj/Erth      100%       3d13      3%          3

Your spell library contained the following spells:

 Spells                   Type           Power      Damage    Failure   Level
 Sandblast                Erth           56%        2d13      2%          1
 Momentum Strike          Conj/Tloc      88%        3d10      3%          2
 Passwall                 Tmut/Erth      15%        N/A       9%          2
 Blink                    Tloc           18%        N/A       17%         2
 Lesser Beckoning         Tloc           18%        N/A       17%         2
 Fulminant Prism          Conj/Hex       22%        3d12      26%         4
 Iskenderun's Mystic Bla  Conj/Tloc      44%        2d10      26%         4
 Portal Projectile        Hex/Tloc       18%        N/A       32%         3
 Tukima's Dance           Hex            9%         N/A       32%         3
 Vhi's Electric Charge    Tloc/Air       18%        N/A       32%         3
 Arcjolt                  Conj/Air       22%        1d32      56%         5
 Blade Hands              Tmut           4%         N/A       97%         5
 Plasma Beam              Fire/Air       4%         2x1d14    100%        6


Dungeon Overview and Level Annotations

Branches:
Dungeon (7/15)             Temple (1/1) D:6           Sewer (visited)

Altars:
Ashenzari
Cheibriados
Dithmenos
Elyvilon
Fedhas
Gozag
Hepliaklqana
Makhleb
Nemelex Xobeh
Okawaru
Qazlal
Ru
Sif Muna
Trog
Uskayaw
Vehumet
Wu Jian
Xom
Yredelemnul
Zin
The Shining One

Annotations:
D:7 Joseph


Message History

Joseph shoots a sling bullet.
The sling bullet hits you!
The searing ray hits Joseph!
Joseph is moderately wounded.
The searing ray hits Joseph.
Joseph is moderately wounded.
Joseph shoots a sling bullet.
The sling bullet completely misses you.
The searing ray hits Joseph.
Joseph is moderately wounded.
You finish channelling your searing ray.
Joseph shoots a sling bullet.
The sling bullet closely misses you.
You hear a horrible gurgling sound!
Casting: Searing Ray (safe; 1% risk of failure)
Confirm with . or Enter, or press ? or * to list all spells.
Aiming: Searing Ray (safe; 1% risk of failure)
Press: ? - help, Shift-Dir - straight line, f/p - Joseph
Aim: Joseph, wielding a +0 sling, wearing a +0 ring mail and carrying a wand of light (9) (moderately wounded, 85% to hit)
You feel a surge of power!
The searing ray hits Joseph!
Joseph is heavily wounded. (Press . to maintain the ray.) Joseph shoots a sling bullet.
The sling bullet hits you!
A wight comes into view. It is wielding a +0 battleaxe.
The searing ray hits Joseph.
Joseph is heavily wounded.
Joseph zaps a wand.
The bolt of light misses you.
You hear a shout!
You hear an angry buzzing noise.
The searing ray hits Joseph!
Joseph is severely wounded.
You hear a howl!
Joseph shoots a sling bullet.
The sling bullet closely misses you.
The searing ray hits Joseph.
Joseph is severely wounded.
You finish channelling your searing ray.
Joseph zaps a wand.
The bolt of light hits you!
You hear a horrible gurgling sound!
Joseph zaps a wand.
The bolt of light hits you!
You are confused.
* * * LOW HITPOINT WARNING * * *
Joseph unwields a +0 sling.
Joseph wields a +0 quarterstaff.
Joseph hits you with a +0 quarterstaff!
You die...

..# #...### ..#
#.#...### #...
#.###...###### ##. #.#
###......#
.###.##########.##
.........>#####..#
.................#
....f...@..............
.h#.....#@....#......#.
#.###f#.###.#...##... #
.?#.....#...# ..
#...z.#.....## .
#!###.#....## #.
.#...## .. .. # .. ..#


You could see Joseph, a sleepcap and a wight.

Vanquished Creatures
  Pikel (D:7)
  Prince Ribbit (D:5)
  Sigmund (D:3)
  Pargi (Sewer)
  An ogre (D:5)
  An ice beast (D:5)
  2 black bears
  Blork the orc (D:6)
  2 bullfrogs
  2 scorpions (D:5)
  A hound (D:4)
  A quasit (D:6)
  A jelly (D:5)
  4 orc priests
  5 iguanas
  Ijyb (D:3)
  7 orc wizards
  11 adders
  3 gnolls (D:4)
  A river rat (D:3)
  4 shadow imps (D:6)
  6 white imps
  6 ufetubi (D:6)
  3 dart slugs
  19 orcs
  11 ball pythons
  5 bats
  5 endoplasms
  6 giant cockroaches
  10 goblins
  6 hobgoblins
  4 jackals (D:2)
  2 quokkas (D:5)
  10 frilled lizards
  6 kobolds
  8 rats
159 creatures vanquished.

Notes
Turn   | Place    | Note
-------+----------+-------------------------------------------
     0 | D:1      | Pimp the Deep Elf Conjurer began the quest for the Orb.
     0 | D:1      | Reached XP level 1. HP: 10/10 MP: 6/6
   279 | D:1      | Reached XP level 2. HP: 15/15 MP: 2/8
   488 | D:1      | Identified a scroll of acquirement
   488 | D:1      | Acquired the +3 warlock's mirror {omnireflect}
   488 | D:1      | Found the +3 warlock's mirror {omnireflect}
  1117 | D:1      | Learned a level 2 spell: Searing Ray
  1204 | D:2      | Reached skill level 3 in Dodging
  1289 | D:2      | Reached XP level 3. HP: 18/19 MP: 2/10
  1548 | D:2      | Found a burning altar of Makhleb.
  1560 | D:2      | Found a faded altar of an unknown god.
  1690 | D:2      | Reached XP level 4. HP: 24/24 MP: 9/11
  1941 | D:3      | Found a shimmering altar of Xom.
  2046 | D:3      | Reached skill level 5 in Conjurations
  2049 | D:3      | Noticed Sigmund
  2058 | D:3      | Killed Sigmund
  2059 | D:3      | Reached skill level 4 in Dodging
  2059 | D:3      | Reached XP level 5. HP: 24/28 MP: 10/14
  2117 | D:3      | Noticed Ijyb
  2130 | D:3      | Killed Ijyb
  2131 | D:3      | Reached XP level 6. HP: 22/32 MP: 7/15
  2137 | D:3      | Acquired the staff of conjuration "Geyneude" {+Blink Dex+6
                  | Stlth-}
  2295 | D:3      | Found a glowing drain.
  2304 | Sewer    | Entered a sewer
  2381 | Sewer    | Noticed Pargi
  2386 | Sewer    | Killed Pargi
  2387 | Sewer    | Reached skill level 5 in Spellcasting
  3116 | D:4      | Reached skill level 5 in Dodging
  3136 | D:4      | Reached skill level 1 in Fighting
  3136 | D:4      | Reached skill level 5 in Stealth
  3191 | D:4      | Reached XP level 7. HP: 38/38 MP: 10/17
  3276 | D:4      | Found a blossoming altar of Fedhas.
  3551 | D:4      | Learned a level 3 spell: Dazzling Flash
  3555 | D:4      | Learned a level 3 spell: Stone Arrow
  3811 | D:4      | Reached skill level 6 in Dodging
  3836 | D:4      | Found an ornate altar of the Wu Jian Council.
  4136 | D:5      | Entered Level 5 of the Dungeon
  4336 | D:5      | Reached skill level 1 in Earth Magic
  4352 | D:5      | Reached XP level 8. HP: 14/44 MP: 6/19
  4751 | D:5      | Noticed Prince Ribbit
  4779 | D:5      | Killed Prince Ribbit
  4780 | D:5      | Reached skill level 7 in Dodging
  5350 | D:6      | Found a staircase to the Ecumenical Temple.
  5393 | Temple   | Entered the Ecumenical Temple
  5492 | Temple   | Became a worshipper of Cheibriados the Contemplative
  5727 | D:6      | Noticed Blork the orc
  5753 | D:6      | Killed Blork the orc
  5824 | D:6      | Reached * piety under Cheibriados
  6138 | D:7      | Upgraded the game from 0.31-a0-145-g046c7d2549 to
                  | 0.31-a0-149-g3fdcc5976a
  6140 | D:7      | Noticed Pikel
  6153 | D:7      | Killed Pikel
  6154 | D:7      | Reached skill level 8 in Dodging
  6154 | D:7      | Reached XP level 9. HP: 38/51 MP: 10/22
  6217 | D:7      | Noticed Joseph
  6233 | D:7      | Slain by Joseph

Illustrated notes

Levels and vault maps discovered:
D:1:      scummos_arrival_star, layout_basic
D:2:      layout_basic, basic_altar, basic_ecumenical_altar, grunt_decor_cap
D:3:      layout_basic, mainiacjoe_overflow_alcove_1, portal_sewer_entry_b,
          minmay_close_crescents, uniq_ijyb, uniq_sigmund
D:4:      layout_loops_corners, mainiacjoe_overflow_paths,
          nicolae_wu_jian_glorious_leap, kennysheep_flooded_box,
          guppyfry_early_lair_pool
D:5:      layout_layer_cave, nicolae_eternal_life, uniq_prince_ribbit1
D:6:      layout_cave_pools, minmay_temple_entry_water_ring, serial_demonic,
          serial_demonic_e, serial_demonic_g, serial_demonic_g,
          serial_demonic_d, serial_demonic_d, serial_demonic_f,
          serial_demonic_a, serial_demonic_a, minmay_lizard_king,
          uniq_blork_the_orc
D:7:      hangedman_cross_stitches, layout_rooms, demons_altar, minivault_27,
          uniq_joseph, uniq_pikel
Temple:   minmay_temple_bridge_d

Skill      XL: |  1  2  3  4  5  6  7  8 |
---------------+-------------------------+-----
Stealth        | 3 4 5 7 |  7.3
Dodging        | 3 4 5 6 8 |  8.4
Conjurations   | 5 6 7 |  7.2
Spellcasting   | 4 5 6 7 |  7.4
Fighting       | 1 2 3 |  3.3
Earth Magic    | 1 3 |  3.4

Action                     |  1- 3 |  4- 6 |  7- 9 || total
---------------------------+-------+-------+-------++-------
  Melee: Dagger            |    15 |     1 |       ||    16
         Staff             |       |     6 |    13 ||    19
   Cast: Magic Dart        |    61 |    66 |   176 ||   303
         Searing Ray       |     3 |    10 |    30 ||    43
    Use: Scroll            |     1 |     7 |       ||     8
         Potion            |     1 |       |     1 ||     2
   Stab: Sleeping          |       |     1 |       ||     1
 Armour: Robe              |     2 |       |       ||     2
         Leather armour    |     1 |     5 |       ||     6
         Troll leather arm |       |     1 |    36 ||    37
  Dodge: Dodged            |    19 |    10 |    75 ||   104
  Block: Buckler           |     8 |     7 |    55 ||    70
         Reflection        |     1 |     1 |     6 ||     8

Table legend: (Time is in decaauts)
 A = Elapsed time spent in this place.
 B = Non-inter-level travel time spent in this place.
 C = Inter-level travel time spent in this place.
 D = Time resting spent in this place.
 E = Time spent auto-exploring this place.
 F = Levels seen in this place.
 G = Mean time per level.
                   A        B        C        D        E       F      G
               +--------+--------+--------+--------+--------+-----+--------+
         Total |   6463 |   5822 |    641 |     25 |   4687 |   9 |  718.1 |
       Dungeon |   6022 |   5504 |    518 |     25 |   4443 |   7 |  860.3 |
        Temple |    193 |     71 |    122 |      0 |     61 |   1 |  193.0 |
         Sewer |    246 |    246 |      0 |      0 |    182 |   1 |  246.0 |
               +--------+--------+--------+--------+--------+-----+--------+

Top non-repeatable levels by time:
     D:5: 1178 daAuts
     D:1: 1161 daAuts
     D:4: 1091 daAuts
     D:3: 1087 daAuts
     D:6: 801 daAuts
     D:2: 586 daAuts
   Sewer: 246 daAuts
  Temple: 193 daAuts
     D:7: 114 daAuts
